 Dungeon Crawl Stone Soup version 0.23-b1-84-g6588a6b (webtiles) character file.

Game seed: 14871900698279688965

33219 Dazliare the Thaumaturge (level 13, -40/84 HPs)
             Began as a Tengu Venom Mage on Feb 9, 2019.
             Was a High Priest of Sif Muna.
             Annihilated by a komodo dragon (67 damage)
             ... on level 6 of the Lair of Beasts.
             The game lasted 01:13:06 (25758 turns).

Dazliare the Thaumaturge (Tengu Venom Mage)        Turns: 25758, Time: 01:13:07

Health: -40/84     AC: 11    Str: 13    XL:     13   Next: 69%
Magic:  17/30      EV: 30    Int: 21    God:    Sif Muna [*****.]
Gold:   1023       SH:  0    Dex: 30    Spells: 8/36 levels left

rFire    . . .     SeeInvis .   S - +8 long sword "Lieh Kal" {flame, rC+ Dex+4}
rCold    + . .     Gourm    +   (no shield)
rNeg     + . .     Faith    .   Q - +2 steam dragon scales
rPois    .         Spirit   .   (helmet restricted)
rElec    +         Reflect  .   y - +0 cloak
rCorr    .         Harm     .   P - +2 pair of gloves {Dex+3}
MR       .....                  (boots unavailable)
Stlth    ++++......             k - amulet of the gourmand
HPRegen  0.24/turn              t - ring "Vus Ysom" {rElec rN+ Int+2 Dex+2}
MPRegen  0.22/turn              L - +4 ring of strength

@: agile, sleeping, flying quickly and evasively, divine energy, quick
A: beak, talons 3, able to fly
a: Stop Flying, Stop Divine Energy, Channel Magic, Forget Spell, Renounce
Religion


You were on level 6 of the Lair of Beasts.
You worshipped Sif Muna.
Sif Muna was extremely pleased with you.
You were full.

You visited 2 branches of the dungeon, and saw 17 of its levels.
You also visited: Bailey.

You collected 1175 gold pieces.
You spent 152 gold pieces at shops.

Inventory:

Hand Weapons
 S - the +8 long sword "Lieh Kal" (weapon) {flame, rC+ Dex+4}
   (You found it on level 6 of the Lair of Beasts)

   It has been specially enchanted to burn those struck by it, causing extra
   injury to most foes and up to half again as much damage against particularly
   susceptible opponents.
   Big, fiery blades are also staple armaments of hydra-hunters.
   It affects your dexterity (+4).
   It protects you from cold.
Missiles
 i - 7 javelins (quivered)
 v - 211 arrows
 H - 6 throwing nets {!f!f}
Armour
 y - a +0 cloak (worn)
 J - a +0 shield
 P - a +2 pair of gloves of dexterity (worn)
 Q - +2 steam dragon scales (worn)
Jewellery
 k - an amulet of the gourmand (around neck)
 t - the ring "Vus Ysom" (left hand) {rElec rN+ Int+2 Dex+2}
   (You found it on level 5 of the Dungeon)

   [ring of positive energy]

   It affects your intelligence (+2).
   It affects your dexterity (+2).
   It insulates you from electricity.
   It protects you from negative energy.
 B - an uncursed ring of resist corrosion
 L - a +4 ring of strength (right hand)
Wands
 h - a wand of paralysis (10)
 A - a wand of enslavement (17)
 D - a wand of flame (87)
 E - a wand of iceblast (15)
 G - a wand of disintegration (16)
 N - a wand of acid (6)
Scrolls
 a - 2 scrolls of identify {@r1@r1}
 b - 4 scrolls of amnesia
 d - 3 scrolls of immolation
 g - a scroll of fear
 l - 7 scrolls of remove curse {@r2@r2}
 o - 2 scrolls of teleportation
 q - 2 scrolls of enchant armour
 u - 3 scrolls of summoning
 w - 2 scrolls of fog
 O - a scroll of enchant weapon
 R - a scroll of magic mapping
 V - a scroll of blinking {unknown}
Potions
 f - a potion of invisibility
 j - 4 potions of curing {@q1@q1}
 m - a potion of magic
 n - 3 potions of mutation
 p - 4 potions of brilliance
 r - 3 potions of lignification
 s - 4 potions of berserk rage
 x - 4 potions of might
 z - a potion of agility
 C - 4 potions of heal wounds
 F - 3 potions of ambrosia
 I - 2 potions of cancellation
Comestibles
 c - 34 rations


   Skills:
 * Level 11.5 Fighting
 - Level 8.0 Dodging
 - Level 2.0 Stealth
 + Level 12.4 Spellcasting
 - Level 8.0 Conjurations
 - Level 3.0 Hexes
 - Level 8.0 Summonings
 - Level 6.0 Fire Magic
 - Level 7.1 Poison Magic


You had 8 spell levels left.
You knew the following spells:

 Your Spells              Type           Power        Failure   Level  Hunger
a - Sting                 Conj/Pois      ####         1%          1    None
b - Poisonous Vapours     Pois/Air       ####..       1%          2    None
c - Mephitic Cloud        Conj/Pois/Air  ####....     1%          3    None
d - Olgreb's Toxic Radia  Pois           #####...     2%          4    None
e - Iskenderun's Mystic   Conj           #####...     1%          4    None
f - Fireball              Conj/Fire      #####.....   8%          5    ####...
g - Summon Lightning Spi  Summ/Air       ####....     10%         4    None
h - Summon Mana Viper     Hex/Summ       #####...     14%         5    ####...

Your spell library contained the following spells:

 Spells                   Type           Power        Failure   Level  Hunger
 Confusing Touch          Hex            ####..       1%          1    None
 Flame Tongue             Conj/Fire      #####        1%          1    None
 Magic Dart               Conj           ####         1%          1    None
 Shock                    Conj/Air       ####         1%          1    None
 Summon Butterflies       Summ           #####...     1%          1    None
 Summon Small Mammal      Summ           ####         1%          1    None
 Call Imp                 Summ           #####...     1%          2    None
 Searing Ray              Conj           #####.       1%          2    None
 Throw Flame              Conj/Fire      #####.       1%          2    None
 Call Canine Familiar     Summ           #####...     1%          3    None
 Conjure Flame            Conj/Fire      #####...     1%          3    None
 Dazzling Spray           Conj/Hex       #####.       1%          3    None
 Summon Guardian Golem    Hex/Summ       #####...     1%          3    None
 Inner Flame              Hex/Fire       ####....     2%          3    None
 Sticky Flame             Conj/Fire      #####...     2%          4    None
 Static Discharge         Conj/Air       ####....     3%          3    None
 Confuse                  Hex            ####....     4%          3    None
 Fulminant Prism          Conj/Hex       #####.....   5%          4    None
 Venom Bolt               Conj/Pois      #####.....   6%          5    ####...
 Swiftness                Chrm/Air       ##......     8%          2    None
 Force Lance              Conj/Tloc      ####....     10%         4    None
 Summon Ice Beast         Ice/Summ       ####....     10%         4    None
 Gell's Gravitas          Tloc           ##........   16%         3    None
 Lightning Bolt           Conj/Air       ####......   26%         5    ####...
 Airstrike                Air            ##........   45%         4    None
 Petrify                  Tmut/Erth      ##......     45%         4    None
 Metabolic Englaciation   Hex/Ice        ###.......   58%         5    ####...
 Yara's Violent Unravell  Hex/Tmut       ###.......   58%         5    ####...
 Summon Hydra             Summ           #####.....   85%         7    #######


Dungeon Overview and Level Annotations

Branches:
Dungeon (11/15)            Temple (0/1) D:4            Lair (6/6) D:8
 Shoals (0/4) Lair:3        Snake (0/4) Lair:3        Slime (0/5) Lair:5
    Orc: D:9-12

Altars:
Ashenzari
Gozag
Hepliaklqana
Kikubaaqudgha
Makhleb
Nemelex Xobeh
Qazlal
Sif Muna
Trog
Uskayaw
Vehumet
Xom
Yredelemnul
The Shining One

Shops:
D:6 *   D:7 [

Portals:
Trove: D:10 (give 12 potions of heal wounds)

Annotations:
D:3 exclusion: downstairs
D:6 exclusion: water moccasin
D:10 exclusion: downstairs
Lair:2 exclusion: downstairs
Lair:5 exclusion: downstairs


Innate Abilities, Weirdness & Mutations

You have a beak for a mouth.
You have claws for feet.
You can fly continuously.


Message History

A rime drake comes into view.
Found a ration.
You feel yourself speed up.
A dream sheep comes into view. x2
Unknown command.
A dream sheep comes into view.
The dream sheep bleats!
You hear a bleat!
Unknown command.
A dream sheep comes into view.
A komodo dragon comes into view.
Unknown command.
A rime drake comes into view.
The komodo dragon hisses angrily.
You hear a shout!
The dream sheep shake their wool and sparkle.
You feel drowsy...
You fall asleep.
A komodo dragon comes into view.
A spiny frog comes into view.
Found four items.
The komodo dragon hisses angrily.
The komodo dragon bites you!!!
Ouch! That really hurt!
You die...

F≈≈P #≈≈≈≈≈≈
≈#≈≈≈ #≈≈≈≈≈≈Y
≈≈≈≈≈≈#≈≈≈≈≈.
Y
[l≈≈#≈≈≈#≈#Y≈
≈≈
≈≈≈#≈≈≈≈≈k≈≈
≈≈k≈#≈%≈≈≈≈≈Y≈
$??≈≈≈l≈#≈#≈#
. #@≈≈≈≈##..
#≈≈P≈≈≈≈≈.
#≈≈≈≈≈≈≈≈.
#≈≈≈#≈##.
##### # .#≈≈.#
..##


You could see 2 komodo dragons, a spiny frog (wandering), 2 rime drakes and 2
dream sheep.

Vanquished Creatures
  4 hydras
  Harold (D:8)
  A catoblepas (Lair:3)
  4 two-headed ogres
  3 elephants (Lair:5)
  A manticore (D:11)
  2 gargoyles (D:11)
  Psyche (D:8)
  3 spiny frogs (Lair:1)
  A torpor snail (Lair:6)
  A kobold demonologist (D:10)
  3 komodo dragons
  4 rime drakes
  3 trolls
  A polar bear (Lair:6)
  A merfolk (Lair:3)
  A hornet (D:10)
  Prince Ribbit (D:6)
  12 blink frogs
  2 dream sheep (D:10)
  6 hippogriffs
  11 yaks
  2 wyverns
  A vampire (D:11)
  A steam dragon (D:10)
  2 hungry ghosts
  A vampire mosquito (D:9)
  Menkaure (D:6)
  5 water moccasins
  8 orc warriors
  10 porcupines
  An ice beast (D:7)
  2 sky beasts
  4 black bears
  A hornet zombie (D:9)
  A necrophage (D:7)
  2 phantoms
  4 centaurs
  7 crocodiles
  5 ogres
  4 big kobolds
  Blork the orc (D:6)
  7 bullfrogs
  A wyvern skeleton (D:9)
  2 scorpions
  5 killer bees (D:7)
  4 wights (D:6)
  An electric eel (Lair:3)
  6 crimson imps
  5 howler monkeys
  5 jellies
  A quasit (D:9)
  5 orc priests
  A bullfrog zombie (D:9)
  9 hounds
  A gnoll shaman (D:8)
  An iguana (D:7)
  Ijyb (D:5)
  6 orc wizards
  8 worker ants
  2 hound skeletons (D:7)
  2 howler monkey zombies
  9 gnolls
  A howler monkey skeleton (D:9)
  14 adders
  2 shadow imps (D:7)
  3 oozes
  An adder zombie (D:8)
  A worm (D:2)
  3 dart slugs (D:1)
  6 leopard geckos
  43 orcs
  7 giant cockroaches
  14 goblins
  11 hobgoblins
  3 jackals (D:3)
  5 quokkas
  A ball python (D:2)
  6 bats
  5 frilled lizards
  16 kobolds
  2 quokka skeletons
  A quokka zombie (D:6)
  7 rats
364 creatures vanquished.

Vanquished Creatures (collateral kills)
  2 hydras
  A two-headed ogre (D:11)
  A harpy (Lair:6)
  3 elephants (Lair:5)
  7 spiny frogs
  2 komodo dragons
  5 blink frogs
  2 hippogriffs
  A slime creature (Lair:5)
  A wraith (D:11)
  11 yaks
  2 nagas (Lair:3)
  3 water moccasins
  2 porcupines
  A crocodile (Lair:6)
  A bullfrog (D:11)
  3 jellies (Lair:5)
48 creatures vanquished.

Vanquished Creatures (others)
  14 fungi
  27 plants
41 creatures vanquished.

Grand Total: 453 creatures vanquished

Notes
Turn   | Place    | Note
-------+----------+-------------------------------------------
     0 | D:1      | Dazliare the Tengu Venom Mage began the quest for the Orb.
     0 | D:1      | Reached XP level 1. HP: 10/10 MP: 4/4
   584 | D:1      | Reached XP level 2. HP: 16/16 MP: 3/6
   590 | D:1      | Learned a level 2 spell: Poisonous Vapours
   897 | D:1      | Reached skill level 1 in Fighting
  1493 | D:1      | Reached XP level 3. HP: 20/20 MP: 1/7
  1680 | D:1      | Learned a level 3 spell: Mephitic Cloud
  2350 | D:2      | Found a bloodstained altar of Trog.
  2755 | D:2      | Reached XP level 4. HP: 23/26 MP: 1/8
  3634 | D:3      | Found a deep blue altar of Sif Muna.
  3672 | D:3      | Became a worshipper of Sif Muna the Loreminder
  3872 | D:3      | Found a hide-covered altar of Uskayaw.
  3872 | D:3      | Found a glowing golden altar of the Shining One.
  3928 | D:3      | Gained mutation: You can fly continuously. [Tengu growth]
  3928 | D:3      | Reached XP level 5. HP: 31/31 MP: 6/9
  4304 | D:4      | Found a bloodstained altar of Trog.
  4304 | D:4      | Noticed an orc warrior
  4324 | D:4      | Noticed an ogre
  4328 | D:4      | Reached skill level 5 in Poison Magic
  4645 | D:4      | Killed an orc warrior
  4645 | D:4      | Reached XP level 6. HP: 37/37 MP: 0/10
  5141 | D:4      | Found a staircase to the Ecumenical Temple.
  5162 | D:4      | Got a translucent leather armour
  5173 | D:4      | Identified the cursed +0 leather armour of the Orb {Int+4}
                  | (You found it on level 4 of the Dungeon)
  5207 | D:4      | Found a shimmering altar of Xom.
  5208 | D:4      | Found a hazy altar of Hepliaklqana.
  5208 | D:4      | Noticed a caustic shrike
  5209 | D:4      | Noticed a spectral ugly thing
  5209 | D:4      | Noticed a caustic shrike
  5579 | D:4      | Reached XP level 7. HP: 40/42 MP: 4/11
  5583 | D:4      | Reached * piety under Sif Muna
  5823 | D:4      | Found a basalt altar of Yredelemnul.
  5925 | D:5      | Entered Level 5 of the Dungeon
  6416 | D:5      | Learned a level 4 spell: Olgreb's Toxic Radiance
  6504 | D:5      | Noticed Ijyb
  6511 | D:5      | Killed Ijyb
  6988 | D:5      | Got a clouded amber ring
  7013 | D:5      | Found a sparkling altar of Nemelex Xobeh.
  7389 | D:6      | Reached XP level 8. HP: 35/48 MP: 10/13
  7513 | D:6      | Noticed Prince Ribbit
  7540 | D:6      | Reached skill level 3 in Spellcasting
  7543 | D:6      | Reached skill level 5 in Dodging
  7546 | D:6      | Noticed Menkaure
  7549 | D:6      | HP: 1/72 [Prince Ribbit (5)]
  7550 | D:6      | Killed Prince Ribbit
  7560 | D:6      | Killed Menkaure
  7562 | D:6      | Reached skill level 4 in Spellcasting
  7564 | D:6      | Identified the ring "Vus Ysom" {rElec rN+ Int+2 Dex+2} (You
                  | found it on level 5 of the Dungeon)
  7884 | D:6      | Found Itattuk's Serpentskin Sales.
  7908 | D:6      | Found an ancient bone altar of Kikubaaqudgha.
  8207 | D:6      | Noticed Blork the orc
  8214 | D:6      | Killed Blork the orc
  8554 | D:6      | Reached XP level 9. HP: 52/52 MP: 8/16
  9335 | D:7      | Found Vycarhiy's Antique Armour Shoppe.
  9355 | D:7      | Bought a cloak for 76 gold pieces
  9355 | D:7      | Bought a pair of gloves for 76 gold pieces
  9407 | D:7      | Found a radiant altar of Vehumet.
  9573 | D:7      | Reached skill level 5 in Spellcasting
  9584 | D:7      | Reached skill level 5 in Fighting
 10040 | D:7      | Found a burning altar of Makhleb.
 10258 | D:7      | Reached ** piety under Sif Muna
 10635 | D:8      | Noticed Harold
 10638 | D:8      | Noticed Psyche
 10752 | D:8      | Killed Psyche
 10752 | D:8      | Reached skill level 6 in Spellcasting
 10958 | D:8      | Reached XP level 10. HP: 59/62 MP: 16/20
 11034 | D:8      | Killed Harold
 11311 | D:8      | Reached skill level 7 in Spellcasting
 11317 | D:8      | Found an opulent altar of Gozag.
 11326 | D:8      | Learned a level 4 spell: Iskenderun's Mystic Blast
 11497 | D:8      | Found a staircase to the Lair.
 11566 | D:8      | Found a stormy altar of Qazlal.
 12264 | D:9      | Found a shattered altar of Ashenzari.
 12431 | D:9      | Noticed a two-headed ogre
 12471 | D:9      | Killed a two-headed ogre
 12471 | D:9      | Reached *** piety under Sif Muna
 12471 | D:9      | Reached skill level 5 in Conjurations
 12821 | D:9      | Noticed a two-headed ogre
 12965 | D:9      | Killed a two-headed ogre
 12965 | D:9      | Reached skill level 8 in Spellcasting
 13284 | D:9      | Reached XP level 11. HP: 67/67 MP: 13/24
 13291 | D:9      | Learned a level 5 spell: Fireball
 13327 | D:9      | Noticed a two-headed ogre
 13382 | D:9      | Killed a two-headed ogre
 13552 | D:9      | Reached **** piety under Sif Muna
 14237 | D:10     | Entered Level 10 of the Dungeon
 14237 | D:10     | Found a flagged portal.
 14287 | Bailey   | Entered a bailey
 14722 | Bailey   | Learned a level 4 spell: Summon Lightning Spire
 14777 | D:10     | You are sucked into a shaft!
 15164 | D:10     | Reached skill level 5 in Fire Magic
 15411 | D:10     | Noticed a three-headed hydra
 15572 | D:10     | Killed a one-headed hydra
 15572 | D:10     | Reached skill level 9 in Spellcasting
 15808 | D:10     | Reached ***** piety under Sif Muna
 16343 | D:10     | Found a portal to a secret trove of treasure.
 16439 | D:11     | Noticed a manticore
 16683 | D:11     | Received a gift from Sif Muna
 16936 | D:11     | Noticed a two-headed ogre
 16952 | D:11     | Reached skill level 10 in Spellcasting
 16955 | D:11     | Killed a two-headed ogre
 16955 | D:11     | Reached XP level 12. HP: 73/73 MP: 3/27
 17350 | D:11     | Noticed a two-headed ogre
 17371 | D:11     | Killed a two-headed ogre
 17371 | D:11     | Reached skill level 5 in Summonings
 18131 | Lair:1   | Entered Level 1 of the Lair of Beasts
 18419 | Lair:1   | Learned a level 5 spell: Summon Mana Viper
 18998 | Lair:1   | You are sucked into a shaft!
 19450 | Lair:1   | Reached skill level 11 in Spellcasting
 20305 | Lair:2   | Received a gift from Sif Muna
 20856 | Lair:3   | Noticed a four-headed hydra
 20861 | Lair:3   | Killed a four-headed hydra
 20863 | Lair:3   | Noticed a seven-headed hydra
 20989 | Lair:3   | Found a staircase to the Snake Pit.
 21262 | Lair:3   | Reached skill level 10 in Fighting
 21592 | Lair:3   | You are sucked into a shaft for 2 floors!
 21603 | Lair:5   | Reached XP level 13. HP: 81/81 MP: 10/29
 22256 | Lair:5   | Reached skill level 12 in Spellcasting
 22261 | Lair:5   | Reached skill level 1 in Hexes
 22673 | Lair:5   | Found a staircase to the Slime Pits.
 23654 | Lair:3   | Found a staircase to the Shoals.
 24902 | Lair:6   | Entered Level 6 of the Lair of Beasts
 24921 | Lair:6   | Got an encrusted long sword
 24924 | Lair:6   | Identified the +8 long sword "Lieh Kal" {flame, rC+ Dex+4}
                  | (You found it on level 6 of the Lair of Beasts)
 25758 | Lair:6   | Annihilated by a komodo dragon

Skill      XL: |  1  2  3  4  5  6  7  8  9 10 11 12 13 |
---------------+----------------------------------------+-----
Fighting       | 1 2 3 4 7 8 10 11 | 11.5
Poison Magic   | 4 5 6 7 |  7.1
Dodging        | 4 7 8 |  8.0
Spellcasting   | 4 6 8 10 11 12 | 12.4
Conjurations   | 8 |  8.0
Fire Magic     | 6 |  6.0
Summonings     | 4 8 |  8.0
Hexes          | 3 |  3.0
Stealth        | |  2.0

Action                   |  1- 3 |  4- 6 |  7- 9 | 10-12 | 13-15 || total
-------------------------+-------+-------+-------+-------+-------++-------
Melee: Dagger            |    50 |    66 |   220 |    17 |       ||   353
       Kick              |     7 |     8 |    66 |    94 |    50 ||   225
       Peck              |     6 |     8 |    37 |    60 |    38 ||   149
       Flail             |       |       |    26 |   119 |       ||   145
       Hand axe          |       |       |       |   125 |    75 ||   200
       Long sword        |       |       |       |       |    23 ||    23
Throw: Javelin           |       |       |     9 |       |       ||     9
 Cast: Sting             |    15 |       |       |       |       ||    15
       Poisonous Vapours |    19 |    41 |    43 |   101 |    15 ||   219
       Mephitic Cloud    |       |     4 |     8 |    13 |     2 ||    27
       Olgreb's Toxic Ra |       |       |    14 |    77 |    27 ||   118
       Iskenderun's Myst |       |       |       |     3 |       ||     3
       Fireball          |       |       |       |    51 |     8 ||    59
       Summon Lightning  |       |       |       |    23 |    15 ||    38
       Summon Mana Viper |       |       |       |     2 |    16 ||    18
Invok: Divine Energy     |       |       |     1 |       |       ||     1
 Abil: Fly               |       |     1 |       |       |       ||     1
Evoke: Wand              |       |       |     9 |     1 |     2 ||    12
  Use: Scroll            |       |     1 |    19 |     2 |     9 ||    31
       Potion            |       |       |     2 |       |     3 ||     5
 Stab: Sleeping          |     4 |     5 |     6 |     2 |     1 ||    18
       Paralysed         |       |       |     5 |       |       ||     5
       Confused          |       |       |     1 |     2 |       ||     3
       Distracted        |       |       |       |     1 |     4 ||     5
  Eat: Chunk             |     7 |    13 |    24 |    53 |    15 ||   112
       Ration            |       |       |     1 |       |       ||     1
Armor: Robe              |     6 |    14 |       |       |       ||    20
       Leather armour    |       |     1 |    19 |    24 |       ||    44
       Skin              |       |       |     7 |       |       ||     7
       Steam dragon scal |       |       |       |    45 |    44 ||    89
Dodge: Dodged            |    28 |    57 |   204 |   353 |   198 ||   840
       Rpst.: Long sword |       |       |       |       |    15 ||    15
